 Dungeon Crawl Stone Soup version 0.24.1-14-gf8d2b509d9 (webtiles) character file.

Game seed: 2950661515689028760, levelgen mode: deterministic

1062 lepoulpe303 the Covert (level 8, -4/36 HPs)
             Began as a Spriggan Enchanter on May 25, 2020.
             Was an Initiate of Dithmenos.
             Killed from afar by an orc wizard (9 damage)
             ... with a magic dart
             ... on level 6 of the Dungeon.
             The game lasted 00:30:25 (9473 turns).

lepoulpe303 the Covert (Spriggan Enchanter)         Turns: 9473, Time: 00:30:26

Health: -4/36      AC:  4    Str:  4    XL:     8   Next: 6%
Magic:  15/15      EV: 18    Int: 18    God:    Dithmenos [......]
Gold:   377        SH:  0    Dex: 17    Spells: 3/15 levels left

rFire    . . .     SeeInvis +   a - +1 dagger (chaos)
rCold    . . .     Gourm    .   (shield restricted)
rNeg     . . .     Faith    .   b - +0 robe
rPois    .         Spirit   .   (helmet restricted)
rElec    .         Reflect  .   z - +1 cloak
rCorr    .         Harm     .   (gloves unavailable)
MR       +....                  (boots unavailable)
Stlth    ++++......             (no amulet)
HPRegen  0.12/turn              (no ring)
MPRegen  0.14/turn              (no ring)

@: very quick
A: very small, unfitting armour, see invisible, herbivore, speed 3, slow
metabolism 2
a: Renounce Religion


You were on level 6 of the Dungeon.
You worshipped Dithmenos.
Dithmenos was noncommittal.
You were not hungry.

You visited 2 branches of the dungeon, and saw 7 of its levels.
You also visited: Ossuary.

You collected 377 gold pieces.

Inventory:

Hand Weapons
 a - a +1 dagger of chaos (weapon)
 v - a +1 dagger
 x - a +0 rapier
Missiles
 g - 4 atropa-tipped darts (quivered)
 j - 11 poisoned darts
Armour
 b - a +0 robe (worn)
 p - a +0 cloak
 z - a +1 cloak (worn)
Wands
 D - a wand of digging (3)
Scrolls
 d - 2 scrolls of enchant weapon {unknown}
 f - 3 scrolls of magic mapping {unknown}
 h - 3 scrolls of remove curse {unknown}
 i - 3 scrolls of identify
 t - 5 scrolls of teleportation
 w - a scroll of fog {unknown}
 y - a scroll of holy word {unknown}
 B - a scroll of fear {unknown}
Potions
 c - 2 potions of agility {unknown}
 k - 4 potions of magic {unknown}
 l - a potion of lignification {unknown}
 m - a potion of heal wounds {unknown}
 n - a potion of berserk rage {unknown}
 o - 2 potions of ambrosia {unknown}
 q - 3 potions of curing
 r - a potion of invisibility {unknown}
 s - a potion of cancellation {unknown}
 u - a potion of mutation {unknown}
 A - a potion of brilliance {unknown}
 C - a potion of haste {unknown}
Comestibles
 e - 3 rations


   Skills:
 + Level 0.3 Fighting
 - Level 5.0 Short Blades
 + Level 3.2 Dodging
 - Level 8.0 Stealth
 - Level 4.0 Spellcasting
 - Level 8.0 Hexes
 - Level 2.0 Invocations


You had 3 spell levels left.
You knew the following spells:

 Your Spells              Type           Power        Failure   Level  Hunger
a - Ensorcelled Hibernat  Hex/Ice        ###...       4%          2    ##.....
b - Tukima's Dance        Hex            ####....     1%          3    ###....
c - Confuse               Hex            ####....     1%          3    ###....
d - Dazzling Spray        Conj/Hex       ###...       9%          3    ###....
v - Corona                Hex            ####...      1%          1    None

Your spell library contained the following spells:

 Spells                   Type           Power        Failure   Level  Hunger


Dungeon Overview and Level Annotations

Branches:
Dungeon (6/15)             Temple (1/1) D:5         Ossuary (visited)

Altars:
Ashenzari
Cheibriados
Dithmenos
Elyvilon
Fedhas
Hepliaklqana
Makhleb
Nemelex Xobeh
Okawaru
Qazlal
Ru
Uskayaw
Vehumet
Wu Jian
Xom
Yredelemnul
Zin
The Shining One

Annotations:
D:4 3 runed translucent doors, Hugehornet's ghost, novice OpEn; harkrass's ghost, amateur MiFi; mortelune's ghost, amateur OpTm


Innate Abilities, Weirdness & Mutations

You are very small and have problems with some larger weapons.
You are too small for most types of armour.
You have supernaturally acute eyesight. (SInv)
You are a herbivore.
You cover ground extremely quickly.
You need to consume almost no food.


Message History

The orc wizard mumbles some strange words.
The orc wizard flickers and vanishes for a moment.
You see here a translucent war axe.
Training target 8.0 for Hexes reached!
Your Hexes skill increases to level 8!
You need to enable at least one skill for training.
You feel a bit more experienced.
You hear a shout!
The orc rages.
The orc rages.
A quokka zombie comes into view. 2 orc wizards come into view.
An orc warrior comes into view. It is wielding a +0 short sword.
You hit the orc wizard.
Lightning courses through the orc wizard!
You kill the orc wizard!
The orc wizard shouts!
You hear a shout!
The orc wizard points at you and mumbles some strange words.
The magic dart hits you!
You die...

##.#.##
#Z###.#
##.#.##
#.#.#.#
##.#.##
#.###.#
##.#.##
#o###.#.#.#
#.o.@.....#
###########


You could see an orc warrior and an orc wizard.

Levels and vault maps discovered:
D:1:      saegor_arrival_simple_b, layout_loops_cross
D:2:      layout_basic, nicolae_overflow_crystal_walls,
          hangedman_abyss_or_decor_stabs, minivault_11, fedhas_altar_fruit_tree,
          uniq_jessica
D:3:      layout_basic, grunt_temple_overflow_open, minivault_4
D:4:      layout_basic, grunt_temple_overflow_champion_of_chaos,
          enter_ossuary_5, gammafunk_ghost_cemetery, roderic_lattice_a
D:5:      layout_basic, minmay_temple_entry_wispy, first_ration
D:6:      layout_loops_cross, old_standard_altar, okawaru_gym_becter,
          roderic_roman_lattice
Temple:   nicolae_temple_figure_zero

Notes
Turn   | Place    | Note
-------+----------+-------------------------------------------
     0 | D:1      | lepoulpe303 the Spriggan Enchanter began the quest for the
                  | Orb.
     0 | D:1      | Reached XP level 1. HP: 9/9 MP: 5/5
   216 | D:1      | Identified a +0 club
   257 | D:1      | HP: 1/9 [jackal (3)]
   579 | D:1      | Identified a +0 dagger
   579 | D:1      | Identified a +0 robe
   598 | D:1      | Reached XP level 2. HP: 11/13 MP: 6/6
   602 | D:1      | Reached skill level 5 in Stealth
  1004 | D:1      | Reached skill level 2 in Short Blades
  1008 | D:1      | Learned a level 2 spell: Ensorcelled Hibernation
  1111 | D:1      | Identified a +0 club
  1442 | D:1      | Identified a +0 dagger
  1466 | D:1      | HP: 1/13 [dart slug/slug dart (5)]
  1792 | D:1      | Identified a +0 club
  1812 | D:1      | Reached XP level 3. HP: 12/16 MP: 8/8
  1817 | D:1      | Learned a level 3 spell: Confuse
  1851 | D:1      | Identified a +0 club
  2137 | D:2      | Identified a cursed -3 dagger
  2195 | D:2      | Reached skill level 6 in Stealth
  2511 | D:2      | Identified a +0 short sword
  2517 | D:2      | Reached skill level 3 in Short Blades
  2540 | D:2      | HP: 4/16 [kobold (2)]
  2565 | D:2      | Identified a +0 club
  2803 | D:2      | Found a blossoming altar of Fedhas.
  2898 | D:2      | Reached XP level 4. HP: 10/21 MP: 9/9
  3191 | D:2      | Identified a +0 robe
  3191 | D:2      | Noticed Jessica
  3251 | D:2      | Identified a +0 dagger
  3362 | D:2      | Identified a +0 club
  3362 | D:2      | Identified a cursed ring of attention
  3405 | D:2      | Identified a +0 short sword
  3828 | D:2      | Found a sacrificial altar of Ru.
  3878 | D:2      | Identified a +0 club
  4198 | D:2      | Killed Jessica
  4345 | D:3      | Identified a +0 club
  4462 | D:3      | Identified a +0 dagger
  4462 | D:3      | Identified a +0 leather armour
  4463 | D:3      | Found a basalt altar of Yredelemnul.
  4465 | D:3      | Identified a +0 whip
  4465 | D:3      | Identified a +0 scale mail
  4476 | D:3      | Found a radiant altar of Vehumet.
  4498 | D:3      | Identified a +0 dagger
  4701 | D:3      | Found a white marble altar of Elyvilon.
  4703 | D:3      | Found a hide-covered altar of Uskayaw.
  4782 | D:3      | Identified a +1 dagger
  4830 | D:3      | HP: 2/21 [howler monkey skeleton (5)]
  4842 | D:3      | Reached skill level 7 in Stealth
  4842 | D:3      | Reached XP level 5. HP: 3/24 MP: 6/10
  5105 | D:3      | Learned a level 3 spell: Tukima's Dance
  5435 | D:3      | HP: 4/24 [orc priest/+0 dagger (3)]
  5454 | D:3      | Reached skill level 4 in Short Blades
  5834 | D:4      | Identified a +0 cloak (You found it on level 4 of the
                  | Dungeon)
  5834 | D:4      | Identified 3 scrolls of teleportation
  5917 | D:4      | Found a sand-covered staircase.
  5922 | Ossuary  | Entered an ossuary
  6767 | Ossuary  | Reached skill level 8 in Stealth
  7028 | Ossuary  | Reached XP level 6. HP: 24/28 MP: 9/11
  7217 | Ossuary  | Reached skill level 5 in Short Blades
  7499 | D:4      | Found a runed translucent gate.
  7499 | D:4      | Found a runed translucent gate.
  7500 | D:4      | Found a runed translucent gate.
  7503 | D:4      | Noticed harkrass's ghost (amateur MiFi)
  7503 | D:4      | Noticed Hugehornet's ghost (novice OpEn)
  7504 | D:4      | Noticed mortelune's ghost (amateur OpTm)
  7674 | D:4      | Identified 4 scrolls of identify
  7674 | D:4      | Identified a ring of intelligence (You found it on level 4
                  | of the Dungeon)
  7676 | D:4      | Identified 3 potions of curing
  7784 | D:4      | Identified a +0 giant spiked club
  7791 | D:4      | Identified a +0 hand axe of chopping
  7791 | D:4      | Identified a +0 chain mail
  7794 | D:4      | Reached skill level 3 in Spellcasting
  7794 | D:4      | Reached skill level 4 in Hexes
  7896 | D:4      | Found a shimmering altar of Xom.
  7896 | D:4      | Identified a +1 dagger of chaos
  7897 | D:4      | Found a burning altar of Makhleb.
  8002 | D:5      | Entered Level 5 of the Dungeon
  8002 | D:5      | Identified a +0 giant club
  8014 | D:5      | Reached skill level 4 in Spellcasting
  8015 | D:5      | Reached skill level 5 in Hexes
  8015 | D:5      | Reached XP level 7. HP: 32/32 MP: 9/14
  8089 | D:5      | Identified a +0 shortbow
  8102 | D:5      | Reached skill level 6 in Hexes
  8470 | D:5      | Found a staircase to the Ecumenical Temple.
  8481 | Temple   | Entered the Ecumenical Temple
  8605 | Temple   | Became a worshipper of Dithmenos the Shadowed
  8622 | D:5      | Identified a cursed -3 giant club
  8629 | D:5      | Reached skill level 1 in Invocations
  8729 | D:5      | Identified a +0 short sword
  8729 | D:5      | Identified a +0 hand axe
  8745 | D:5      | Identified a +0 leather armour
  8763 | D:5      | Identified a +0 falchion
  8764 | D:5      | Identified a +0 dagger
  8764 | D:5      | Identified a +0 robe
  8778 | D:5      | Identified a +0 club
  8778 | D:5      | Identified a +0 scale mail
  8779 | D:5      | Identified a +0 dagger
  8790 | D:5      | Identified a +0 flail
  8791 | D:5      | Identified a +2 hand axe of electrocution
  8796 | D:5      | Reached skill level 7 in Hexes
  8796 | D:5      | Reached skill level 2 in Invocations
  8884 | D:5      | Identified a +1 cloak (You found it on level 5 of the
                  | Dungeon)
  9041 | D:5      | Identified a +0 flail
  9157 | D:6      | Identified a +0 dagger
  9157 | D:6      | Identified a +0 robe
  9157 | D:6      | Identified a +0 whip
  9157 | D:6      | Identified a +0 chain mail
  9161 | D:6      | Identified a +1 flail of protection
  9178 | D:6      | Identified a +0 short sword
  9324 | D:6      | Reached XP level 8. HP: 36/36 MP: 15/15
  9329 | D:6      | Learned a level 3 spell: Dazzling Spray
  9370 | D:6      | Found an iron altar of Okawaru.
  9375 | D:6      | Identified a +0 dagger
  9375 | D:6      | Identified a +0 robe
  9376 | D:6      | Identified a +0 morningstar
  9408 | D:6      | Identified a +0 flail
  9408 | D:6      | Identified a +0 leather armour
  9409 | D:6      | Identified a +0 mace
  9409 | D:6      | Identified a +3 leather armour
  9421 | D:6      | HP: 1/36 [orc/+0 morningstar (13)]
  9432 | D:6      | Reached skill level 8 in Hexes
  9469 | D:6      | Identified a +0 dagger
  9469 | D:6      | Identified a +0 robe
  9469 | D:6      | Identified a +0 dagger
  9469 | D:6      | Identified a +0 robe
  9470 | D:6      | Identified a +0 short sword
  9470 | D:6      | Identified a +0 chain mail
  9473 | D:6      | Killed from afar by an orc wizard

Table legend:
 A = Turns spent in this place as a percentage of turns spent in the entire game.
 B = Non-inter-level travel turns spent in this place as a percentage of non-inter-level travel turns spent in the entire game.
 C = Inter-level travel turns spent in this place as a percentage of turns spent in this place.
 D = Turns resting spent in this place as a percentage of non-inter-level travel turns spent in this place.
 E = Turns spent auto-exploring this place as a percentage of non-inter-level travel turns spent in this place.
 F = Non-inter-level travel turns spent in this place divided by the number of levels of this place that you've seen.
                   A       B       C       D       E      F
               +-------+-------+-------+-------+-------+----------------------
         Total | 100.0 | 100.0 |   1.3 |  39.9 |  27.3 | 1168.4
       Dungeon |  83.8 |  83.6 |   1.5 |  44.5 |  31.2 | 1302.7
        Temple |   1.4 |   1.3 |   6.0 |   0.0 |  84.9 | 126.0
       Ossuary |  14.8 |  15.0 |   0.0 |  17.5 |   0.3 | 1405.0
               +-------+-------+-------+-------+-------+----------------------

Table legend:
 A = Kills in this place as a percentage of kills in entire the game.
 B = Kills by you in this place as a percentage of kills by you in the entire game.
 C = Kills by friends in this place as a percentage of kills by friends in the entire game.
 D = Other kills in this place as a percentage of other kills in the entire game.
 E = Experience gained in this place as a percentage of experience gained in the entire game.
 F = Experience gained in this place divided by the number of levels of this place that you have seen.
                   A       B       C       D       E      F
               +-------+-------+-------+-------+-------+----------------------
         Total | 100.0 | 100.0 |   N/A | 100.0 | 100.0 | 189.8
       Dungeon |  76.8 |  76.6 |   N/A | 100.0 |  92.6 | 234.2
       Ossuary |  23.2 |  23.4 |   N/A |   0.0 |   7.4 | 113.0
               +-------+-------+-------+-------+-------+----------------------

Skill      XL: |  1  2  3  4  5  6  7  8 |
---------------+-------------------------+-----
Stealth        | 5 6 7 8 |  8.0
Short Blades   | 2 3 4 5 |  5.0
Spellcasting   | 4 |  4.0
Hexes          | 5 7 8 |  8.0
Invocations    | 2 |  2.0
Fighting       | |  0.3
Dodging        | |  3.2

Action                   |  1- 3 |  4- 6 |  7- 9 || total
-------------------------+-------+-------+-------++-------
Melee: Dagger            |   257 |   505 |   110 ||   872
Throw: Dart              |     6 |    12 |     6 ||    24
 Cast: Corona            |     2 |       |       ||     2
       Confuse           |     3 |    13 |     1 ||    17
       Ensorcelled Hiber |       |     1 |     1 ||     2
  Use: Scroll            |       |     3 |       ||     3
 Stab: Sleeping          |     8 |    18 |     6 ||    32
       Invisible         |     1 |     2 |     2 ||     5
       Distracted        |     1 |     2 |       ||     3
       Confused          |       |     8 |     1 ||     9
       Petrified         |       |       |     1 ||     1
  Eat: Ration            |     1 |     3 |     1 ||     5
Armor: Robe              |    28 |    38 |     4 ||    70
Dodge: Dodged            |   230 |   301 |    62 ||   593

Vanquished Creatures
  A centaur (D:5)
  3 ogres
  A scorpion (D:6)
  A crimson imp (D:4)
  A centaur zombie (Ossuary)
  A centaur skeleton (D:5)
  2 jellies
  2 orc priests
  4 orc wizards
  An iguana (D:4)
  Jessica (D:2)
  2 worker ants
  A mummy (Ossuary)
  A howler monkey skeleton (D:3)
  8 adders
  A shadow imp (D:3)
  5 adder zombies
  3 worms
  3 dart slugs
  A leopard gecko (D:4)
  14 orcs
  6 giant cockroaches
  6 goblins
  12 hobgoblins
  12 jackals
  8 kobolds
  10 bats
  5 frilled lizards
  A goblin zombie (Ossuary)
  12 hobgoblin zombies (Ossuary)
  A jackal skeleton (D:4)
  A jackal zombie (Ossuary)
  9 kobold zombies (Ossuary)
  7 orc zombies (Ossuary)
  A quokka skeleton (D:4)
  6 rats
  A rat zombie (Ossuary)
155 creatures vanquished.
